 Dungeon Crawl Stone Soup version 0.24-a0-463-g3510def (webtiles) character file.

Game seed: 573992062225836507

170 Letos the Slasher (level 5, -3/42 HPs)
             Began as a Formicid Fighter on July 2, 2019.
             Slain by Purgy (4 damage)
             ... on level 3 of the Dungeon.
             The game lasted 00:03:00 (2405 turns).

Letos the Slasher (Formicid Fighter)                Turns: 2405, Time: 00:03:00

Health: -3/42      AC:  5    Str: 25    XL:     5   Next: 80%
Magic:  5/5        EV: 11    Int:  8    God:
Gold:   99         SH:  0    Dex: 11    Spells: 4/4 levels left

rFire    . . .     SeeInvis +   a - +0 long sword
rCold    . . .     Gourm    .   (no shield)
rNeg     + . .     Faith    .   e - +0 ring mail
rPois    .         Spirit   .   (helmet unavailable)
rElec    .         Reflect  .   (no cloak)
rCorr    .         Harm     .   (no gloves)
MR       .....                  (no boots)
Stlth    +.........             (no amulet)
HPRegen  0.14/turn              j - ring of positive energy
MPRegen  0.09/turn              (no ring)

@: mighty
A: permanent stasis, dig shafts and tunnels, four strong arms, antennae 3
a: Dig, Shaft Self


You were on level 3 of the Dungeon.
You were not hungry.

You visited 1 branch of the dungeon, and saw 3 of its levels.

You collected 99 gold pieces.

Inventory:

Hand Weapons
 a - a +0 long sword (weapon)
Armour
 b - a +0 scale mail
 c - a +0 shield
 e - a +0 ring mail (worn)
Jewellery
 j - a ring of positive energy (left hand)
 l - an uncursed ring of wizardry
Scrolls
 g - a scroll of identify {unknown}
 i - 2 scrolls of remove curse {unknown}
 k - a scroll of blinking {unknown}
 m - a scroll of enchant armour {unknown}
Potions
 h - a potion of magic {unknown}
Comestibles
 f - 2 rations


   Skills:
 - Level 4.1 Fighting
 * Level 4.6 Long Blades
 - Level 3.2 Armour
 + Level 1.4 Dodging
 - Level 3.6 Shields


You had 4 spell levels left.
You didn't know any spells.
Your spell library was empty.

Dungeon Overview and Level Annotations

Branches:
Dungeon (3/15)

Altars:
Sif Muna

Annotations:
D:3 Purgy


Innate Abilities, Weirdness & Mutations

You cannot be hasted, slowed, berserked, paralysed or teleported.
You can dig through walls and to a lower floor.
Your four strong arms can wield two-handed weapons with a shield.
You have a pair of large antennae on your head. (SInv)


Message History

Purgy bites you.
* * * LOW HITPOINT WARNING * * *
Purgy claws you.
* * * LOW HITPOINT WARNING * * *
Purgy claws you.
* * * LOW HITPOINT WARNING * * *
You barely miss Purgy.
Purgy is heavily wounded.
Purgy closely misses you. Purgy claws you.
* * * LOW HITPOINT WARNING * * *
Purgy claws you but does no damage.
You miss Purgy.
Purgy is heavily wounded.
Purgy closely misses you. Purgy claws you.
* * * LOW HITPOINT WARNING * * *
Purgy claws you but does no damage.
You slash Purgy!
Purgy is almost dead.
Purgy bites you.
You die...

#.######## .
.......... ..
........# ...
#......# ....
#......# .....
#......##......
#......@T......
##.##.####.....
##.##.#### ...
{ #........+ .
{ #...#.####
#.#.#.#
{#.#.#.#
#.#...# #.##..#
#


You could see Purgy.

Vanquished Creatures
  Natasha (thrice) (D:2)
  2 adders (D:2)
  An ooze (D:1)
  3 worms (D:2)
  A dart slug (D:2)
  A leopard gecko (D:2)
  12 bats
  4 giant cockroaches
  8 goblins
  7 hobgoblins
  3 jackals (D:3)
  2 quokkas
  2 frilled lizards
  9 kobolds
  5 rats
63 creatures vanquished.

Notes
Turn   | Place    | Note
-------+----------+-------------------------------------------
     0 | D:1      | Letos the Formicid Fighter began the quest for the Orb.
     0 | D:1      | Reached XP level 1. HP: 18/18 MP: 1/1
   152 | D:1      | Reached XP level 2. HP: 24/24 MP: 2/2
   455 | D:1      | Reached XP level 3. HP: 26/30 MP: 3/3
   936 | D:2      | Reached XP level 4. HP: 29/37 MP: 4/4
  1512 | D:2      | Found a deep blue altar of Sif Muna.
  1589 | D:2      | Noticed Natasha
  1611 | D:2      | Killed Natasha
  1611 | D:2      | Reached XP level 5. HP: 34/42 MP: 5/5
  1704 | D:2      | Noticed Natasha
  1724 | D:2      | Killed Natasha
  1724 | D:2      | Reached skill level 1 in Dodging
  1891 | D:2      | Noticed Natasha
  1929 | D:2      | Killed Natasha
  2384 | D:3      | Noticed Purgy
  2404 | D:3      | HP: 1/42 [Purgy (3)]
  2405 | D:3      | Slain by Purgy

Levels and vault maps discovered:
D:1:      dpeg_arrival_erosion, layout_loops_cross
D:2:      layout_loops_cross, led_sif_pool, minmay_misc_feat_encased,
          uniq_natasha
D:3:      layout_basic, zin_statuary, nemelex_dance_club_becter, uniq_purgy

Skill      XL: |  1  2  3  4  5 |
---------------+----------------+-----
Long Blades    | 3 4 |  4.6
Fighting       | 4 |  4.1
Dodging        | 1 |  1.4
Armour         | |  3.2
Shields        | |  3.6

Action                   |  1- 3 |  4- 6 || total
-------------------------+-------+-------++-------
Melee: Long sword        |    88 |   128 ||   216
 Abil: Dig               |       |     2 ||     2
  Use: Potion            |       |     1 ||     1
  Eat: Chunk             |       |     3 ||     3
       Ration            |       |     1 ||     1
Armor: Scale mail        |     6 |       ||     6
       Ring mail         |    37 |    56 ||    93
Dodge: Dodged            |    55 |   102 ||   157
       Rpst.: Long sword |    18 |    33 ||    51

Table legend:
 A = Non-vault XP
 B = Vault XP
 C = Vault XP percentage of total XP
 D = Non-vault monster count
 E = Vault monster count
 F = Vault count percentage of total count
                 A         B        C        D         E       F
            +---------+---------+-------+---------+---------+-------
      Total |     209 |      35 |  14.3 |      62 |       1 |   1.6
            +---------+---------+-------+---------+---------+-------
        D:1 |      40 |       0 |   0.0 |      23 |       0 |   0.0
        D:2 |     159 |      35 |  18.0 |      33 |       1 |   2.9
        D:3 |      10 |       0 |   0.0 |       6 |       0 |   0.0
            +---------+---------+-------+---------+---------+-------
